 Dungeon Sprint DCSS version 0.17-a0-1468-gbf503c2 (webtiles) character file.

45 pulse the Skirmisher (level 3, 0/33 HPs)
             Began as a Formicid Berserker on July 1, 2015.
             Was an Elder of Trog.
             Slain by a hill giant
             ... wielding a +0 giant club
              (12 damage)
             ... in the Dungeon (Sprint IX: "|||||||||||||||||||||||||||||").
             The game lasted 00:00:50 (580 turns).

pulse the Skirmisher (Formicid Berserker)            Turns: 580, Time: 00:00:50

Health: 0/33       AC:  9    Str: 22    XL:     3   Next: 90%
Magic:  3/3        EV: 13    Int:  9    God:    Trog [****..]
Gold:   0          SH:  0    Dex: 10    Spells: 0 memorised, 2 levels left

rFire  . . .     SeeInvis +     m - +2 morningstar (crush)
rCold  . . .     Clarity  .     n - +1 scale mail
rNeg   . . .     SustAt   .     (no shield)
rPois  .         Gourm    .     (helmet unavailable)
rElec  .         Spirit   .     (no cloak)
rCorr  .         Warding  .     (no gloves)
rMut   .         Stasis   +     a - +0 pair of boots
MR     .....                    (no amulet)
Stlth  ..........               p - +3 ring of intelligence
                                o - +2 ring of evasion

@: not resistant to hostile enchantments, extremely unstealthy
A: permanent stasis, dig shafts and tunnels, four strong arms, antennae 3
a: Dig, Burn Spellbooks, Trog's Hand, Brothers in Arms, Renounce Religion


You were in the Dungeon.
You worshipped Trog.
Trog was greatly pleased with you.
You were not hungry.

You visited 1 branch

Inventory:

Hand weapons
 m - a +2 morningstar of crushing (weapon)
Armour
 a - a +0 pair of boots (worn)
 n - a +1 scale mail (worn)
Jewellery
 o - a +2 ring of evasion (left hand)
 p - a +3 ring of intelligence (right hand)
Magical devices
 l - a wand of draining (7)
Scrolls
 i - 2 scrolls of blinking
 k - 3 scrolls of remove curse
Potions
 d - 5 potions of curing
 e - 3 potions of heal wounds
 f - a potion of haste
 g - 4 potions of magic
 h - a potion of berserk rage
 j - a potion of invisibility
Comestibles
 c - a bread ration


   Skills:
 + Level 5.4 Fighting
 + Level 5.0 Maces & Flails
 + Level 3.2 Armour
 + Level 3.2 Dodging
 + Level 0.3 Stealth


You had 2 spell levels left.
You didn't know any spells.

Dungeon Overview and Level Annotations

Branches:
Dungeon (1/1)

Altars:
Cheibriados
Dithmenos
Elyvilon
Fedhas
Gozag
Kikubaaqudgha
Makhleb
Nemelex Xobeh
Okawaru
Qazlal
Ru
Sif Muna
Trog
Vehumet
Xom
Yredelemnul
Zin
The Shining One
Beogh
Jiyva
Lugonu


Innate Abilities, Weirdness & Mutations

You are under a permanent stasis effect.
You can dig through walls and to a lower floor.
Your four strong arms can wield two-handed weapons with a shield.
You have a pair of large antennae on your head (SInv).


Message History

You closely miss the iguana. The iguana bites you.
The iguana barely misses you.
You sock the iguana!
The iguana is moderately wounded.
The iguana bites you but does no damage.
You puncture the iguana!
You kill the iguana!
Trog accepts your kill.
You can now call in reinforcements.
Your Fighting skill increases to level 5!
Your Maces & Flails skill increases to level 5!
Your Armour skill increases to level 3!
Your Dodging skill increases to level 3!
You have reached level 3!
Your experience leads to an increase in your attributes!
Your base attributes are Str 21, Int 6, Dex 10.
Increase (S)trength, (I)ntelligence, or (D)exterity?
You feel stronger.
You hit the hill giant but do no damage.
The hill giant hits you with a giant club!
You die...

▓.▓
{
▓?▓
▓|▓
{
▓)▓
{
▓[▓
{
▓.▓
{
▓.▓
{
▓.▓
{
▓@▓
{
▓C▓
{ {
▓J▓
▓y▓
▓.▓
▓e▓
▓O▓
▓.▓


You could see a hill giant, a two-headed ogre, a deep elf mage, a wasp and a
jelly.

Vanquished Creatures
  An iguana (D)
  A shadow imp (D)
  A goblin (D)
  A hobgoblin (D)
  A jackal (D)
  3 kobolds (D)
  A ball python (D)
  A bat (D)
  A giant cockroach zombie (D)
11 creatures vanquished.

Notes
Turn   | Place    | Note
--------------------------------------------------------------
     0 | D        | pulse the Formicid Berserker began the quest for the Orb.
     0 | D        | Reached XP level 1. HP: 18/18 MP: 1/1
    10 | D        | Acquired Trog's second power
    12 | D        | Reached skill level 4 in Fighting
    24 | D        | Reached XP level 2. HP: 2/25 MP: 2/2
   457 | D        | Found a glowing silver altar of Zin.
   457 | D        | Found a glowing golden altar of the Shining One.
   457 | D        | Found an ancient bone altar of Kikubaaqudgha.
   457 | D        | Found a basalt altar of Yredelemnul.
   457 | D        | Found a shimmering altar of Xom.
   457 | D        | Found a radiant altar of Vehumet.
   458 | D        | Found an iron altar of Okawaru.
   459 | D        | Found a burning altar of Makhleb.
   460 | D        | Found a deep blue altar of Sif Muna.
   461 | D        | Found a bloodstained altar of Trog.
   462 | D        | Found a sparkling altar of Nemelex Xobeh.
   463 | D        | Found a white marble altar of Elyvilon.
   464 | D        | Found a roughly hewn altar of Beogh.
   465 | D        | Found a viscous altar of Jiyva.
   466 | D        | Found a corrupted altar of Lugonu.
   467 | D        | Found a blossoming altar of Fedhas.
   468 | D        | Found a snail-covered altar of Cheibriados.
   469 | D        | Found a shadowy altar of Dithmenos.
   481 | D        | Found a stormy altar of Qazlal.
   482 | D        | Found an opulent altar of Gozag.
   483 | D        | Found a sacrificial altar of Ru.
   573 | D        | Noticed an iguana
   573 | D        | Noticed a jelly
   573 | D        | Noticed a hill giant
   573 | D        | Noticed a wasp
   573 | D        | Noticed a deep elf mage
   573 | D        | Noticed a two-headed ogre
   579 | D        | Killed an iguana
   579 | D        | Acquired Trog's third power
   579 | D        | Reached skill level 5 in Fighting
   579 | D        | Reached skill level 5 in Maces & Flails
   579 | D        | Reached XP level 3. HP: 12/33 MP: 3/3
   580 | D        | Slain by a hill giant

Vault maps used:
D:        linesprint

Action                   || total
-------------------------++-------
Melee: Mace              ||    40
       Morningstar       ||     7
